 Dungeon Crawl Stone Soup version 0.20.1-1-g8b1a95d (webtiles) character file.

19826 grizmgrazm2 the Unseen (level 12, -1/74 HPs)
             Began as a Vampire Enchanter on Oct 1, 2017.
             Was a Believer of Ashenzari.
             Killed from afar by a manticore (11 damage)
             ... with a volley of spikes
             ... on level 3 of the Lair of Beasts.
             The game lasted 00:47:34 (14717 turns).

grizmgrazm2 the Unseen (Vampire Enchanter)         Turns: 14717, Time: 00:47:35

Health: -1/74      AC:  0    Str:  7    XL:     12   Next: 40%
Magic:  20/25      EV: 24    Int: 21    God:    Ashenzari [**....]
Gold:   810        SH:  0    Dex: 23    Spells: 17/29 levels left

rFire    . . .     SeeInvis +   (weapon currently unavailable)
rCold    . . .     Gourm    .   (shield currently unavailable)
rNeg     + . .     Faith    .   (armour currently unavailable)
rPois    .         Spirit   .   (helmet currently unavailable)
rElec    .         Reflect  .   (cloak currently unavailable)
rCorr    .         Harm     .   (gloves currently unavailable)
MR       ++...                  (boots currently unavailable)
Stlth    +++++.....             h - amulet of magic regeneration (curse)
Regen    0.3/turn               (ring currently unavailable)
MPRegen  0.3/turn               (ring currently unavailable)

@: confused, bat-form, barbed spikes, flying, very quick
A: fangs 3, see invisible, agile 1, magic resistance 1
a: End Transformation, Curse Item, Scrying, Renounce Religion


You were on level 3 of the Lair of Beasts.
You worshipped Ashenzari.
Ashenzari was pleased with you.
You were not thirsty.
You were in vampire-bat-form.
You visited 3 branches of the dungeon, and saw 13 of its levels.

You collected 810 gold pieces.

Inventory:

Hand Weapons
 a - a +1 dagger of venom (melded)
Armour
 k - a +2 helmet (melded)
 l - a +3 leather armour (melded)
 E - a +2 buckler (melded)
 I - a +2 pair of boots (melded)
Jewellery
 h - a cursed amulet of magic regeneration (around neck)
 o - a +4 ring of dexterity (melded)
 t - a cursed ring of wizardry (melded)
Wands
 b - a wand of polymorph (19/24)
 d - a wand of iceblast (7/15)
 q - a wand of digging (13/24)
 u - a wand of random effects (17/48)
 x - a wand of confusion (30/48)
 z - a wand of iceblast (8/15)
 A - a wand of random effects (18/48)
 B - a wand of flame (39/48)
 F - a wand of flame (29/48)
Scrolls
 j - 5 scrolls of teleportation
 v - a scroll of fog
Potions
 e - 3 potions of cancellation
 g - 3 potions of degeneration {unknown}
 n - 15 potions of blood
 p - a potion of invisibility {unknown}
 r - a potion of ambrosia
 s - a potion of heal wounds {unknown}
 w - a potion of mutation
 C - a potion of haste {unknown}
 D - 3 potions of agility {unknown}
 G - a potion of magic {unknown}
Books
 c - a book of Maledictions

   Spells                             Type                      Level
   a - Corona                         Hexes                        1
   b - Ensorcelled Hibernation        Hexes/Ice                    2
   c - Confuse                        Hexes                        3
   d - Tukima's Dance                 Hexes                        3
   e - Dazzling Spray                 Conjuration/Hexes            3
 m - a book of Debilitation

   Spells                             Type                      Level
   a - Corona                         Hexes                        1
   b - Slow                           Hexes                        2
   c - Inner Flame                    Hexes/Fire                   3
   d - Portal Projectile              Hexes/Translocation          3
   e - Cause Fear                     Hexes                        4
   f - Leda's Liquefaction            Hexes/Earth                  4


   Skills:
 - Level 0.1 Fighting
 + Level 7.0 Short Blades
 + Level 3.2 Armour
 + Level 4.9 Dodging
 + Level 18.2 Stealth
 + Level 1.0 Shields
 + Level 9.0 Spellcasting
 + Level 13.0(14.2) Hexes
 - Level 5.4(6.9) Ice Magic


You had 17 spell levels left.
You knew the following spells:

 Your Spells              Type           Power        Failure   Level  Hunger
a - Ensorcelled Hibernat  Hex/Ice        ######       1%          2    None
b - Confuse               Hex            ######..     1%          3    None
c - Tukima's Dance        Hex            ######..     1%          3    None
d - Cause Fear            Hex            ######....   1%          4    ###....


Dungeon Overview and Level Annotations

Branches:
Dungeon (9/15)             Temple (1/1) D:4            Lair (3/6) D:8
 Shoals (0/4) Lair:3        Snake (0/4) Lair:2
    Orc: D:9-12

Altars:
Ashenzari
Cheibriados
Dithmenos
Elyvilon
Fedhas
Gozag
Hepliaklqana
Kikubaaqudgha
Makhleb
Nemelex Xobeh
Okawaru
Qazlal
Ru
Sif Muna
Trog
Uskayaw
Vehumet
Xom
Yredelemnul
Zin
The Shining One

Shops:
D:5 [   D:8 %

Annotations:
Lair:2 exclusion: 2 oklob plants


Innate Abilities, Weirdness & Mutations

You have razor-sharp teeth.
You have supernaturally acute eyesight. (SInv)
((You can survive without breathing.))
You are agile. (Dex +2)
You are resistant to hostile enchantments. (MR+)


Message History

The komodo dragon closely misses you. The manticore completely misses you.
The manticore barely misses you. The manticore closely misses you.
The crocodile barely misses you.
The manticore flicks its tail.
The volley of spikes hits you!
The barbed spikes become lodged in your body.
* * * LOW HITPOINT WARNING * * *
It was a potion of ambrosia.
You are confused.
You feel invigorated. The komodo dragon barely misses you.
It was a potion of mutation.
You feel extremely strange.
You feel agile.
You feel resistant to hostile enchantments.
The crocodile bites you.
* * * LOW HITPOINT WARNING * * *
The komodo dragon closely misses you.
The manticore flicks its tail.
The volley of spikes hits you!
The barbed spikes become lodged in your body.
You die...

##.P# *
#...P.............. , , #
##...#....###l...... .*
#....#....# #H....#. .#
##### ....P....###.>.....
##, ,
#P#..###.........##.....#.
,,
...........#....#*##......
*......[..H.....##*.....#.
* *#......t....... .....#.
#.....bl.###..#
#............. , *
#...####P..... ,
#<...!.......#, * * *
#....#......##.# *
#........#..# *. * #
##...#.......* # *
#.......P...#* * # ,
,**....#...+.. , *


You could see a manticore, a komodo dragon and a crocodile.

Vanquished Creatures
  3 hydras
  A two-headed ogre (D:8)
  The ghost of tmwrnj the Cleaver, a novice HOFi (D:9)
  A cyclops (D:9)
  4 elephants
  A spiny frog (Lair:2)
  Joseph (D:8)
  3 black mambas
  4 komodo dragons
  A polar bear (Lair:2)
  A queen bee (D:9)
  Prince Ribbit (D:6)
  3 blink frogs (Lair:2)
  A hornet (D:8)
  7 hippogriffs
  8 spriggans (Lair:2)
  8 yaks
  2 wyverns (D:9)
  Eustachio (D:5)
  A basilisk (Lair:1)
  2 steam dragons
  Edmund (D:5)
  5 water moccasins
  3 black bears
  2 orc warriors (D:7)
  3 porcupines
  2 ice beasts
  4 sky beasts
  3 ogres
  7 wolves
  2 centaurs (D:7)
  2 crocodiles
  10 bullfrogs
  A scorpion (D:5)
  17 killer bees
  3 howler monkeys (D:7)
  11 crimson imps
  A jelly (D:7)
  A quasit (D:6)
  2 hounds
  A bullfrog skeleton (D:7)
  4 orc priests
  4 centaur skeletons
  Ijyb (D:5)
  2 iguanas
  7 orc wizards
  5 worker ants
  A worker ant zombie (D:5)
  5 hound skeletons
  9 adders
  8 gnolls
  3 shadow imps
  2 oozes (D:3)
  An adder skeleton (D:5)
  2 worms (D:2)
  3 dart slugs
  4 leopard geckos
  29 orcs
  9 bats
  A giant cockroach (D:1)
  13 goblins
  9 hobgoblins
  7 jackals
  7 kobolds
  A quokka (D:9)
  A ball python (D:1)
  6 frilled lizards
  A leopard gecko skeleton (D:8)
  A quokka skeleton (D:6)
  3 quokka zombies
  5 rats
290 creatures vanquished.

Vanquished Creatures (collateral kills)
  A two-headed ogre (D:8)
  An ogre (D:8)
  An orc (D:9)
3 creatures vanquished.

Vanquished Creatures (others)
  A yak (D:9)
  A killer bee (D:9)
  2 fungi (Lair:3)
4 creatures vanquished.

Grand Total: 297 creatures vanquished

Notes
Turn   | Place    | Note
-------+----------+-------------------------------------------
     0 | D:1      | grizmgrazm2 the Vampire Enchanter began the quest for the Orb.
     0 | D:1      | Reached XP level 1. HP: 13/13 MP: 3/3
   507 | D:1      | Reached XP level 2. HP: 19/19 MP: 5/5
   511 | D:1      | Learned a level 2 spell: Ensorcelled Hibernation
   734 | D:1      | Reached skill level 5 in Stealth
   843 | D:1      | Reached XP level 3. HP: 14/24 MP: 0/6
   848 | D:1      | Learned a level 3 spell: Confuse
  1424 | D:2      | You fall through a shaft!
  1788 | D:3      | Reached XP level 4. HP: 30/30 MP: 1/7
  2286 | D:2      | Found a deep blue altar of Sif Muna.
  2421 | D:3      | Reached skill level 5 in Hexes
  2449 | D:3      | Reached skill level 6 in Stealth
  2449 | D:3      | Reached skill level 1 in Ice Magic
  2913 | D:3      | Reached XP level 5. HP: 35/35 MP: 2/9
  3595 | D:3      | Learned a level 3 spell: Tukima's Dance
  3961 | D:4      | Noticed a sky beast
  3968 | D:4      | Killed a sky beast
  3968 | D:4      | Reached skill level 7 in Stealth
  3968 | D:4      | Reached XP level 6. HP: 41/41 MP: 9/11
  3980 | D:4      | Found a staircase to the Ecumenical Temple.
  3985 | Temple   | Entered the Ecumenical Temple
  4274 | D:4      | Reached skill level 1 in Armour
  4828 | D:5      | Entered Level 5 of the Dungeon
  5332 | D:5      | Reached XP level 7. HP: 46/46 MP: 9/12
  5368 | D:5      | Found a shadowy altar of Dithmenos.
  5370 | D:5      | Found a snail-covered altar of Cheibriados.
  5376 | D:5      | Found a radiant altar of Vehumet.
  5380 | D:5      | Noticed Eustachio
  5387 | D:5      | Killed Eustachio
  5387 | D:5      | Reached skill level 8 in Stealth
  5415 | D:5      | Found a shimmering altar of Xom.
  5682 | D:5      | Noticed Ijyb
  5688 | D:5      | Killed Ijyb
  5688 | D:5      | Reached skill level 9 in Stealth
  5732 | D:5      | Found Feloesmi's Armour Boutique.
  6109 | D:5      | Noticed Edmund
  6118 | D:5      | Killed Edmund
  6118 | D:5      | Reached XP level 8. HP: 52/52 MP: 10/14
  6423 | D:6      | Reached skill level 10 in Stealth
  6556 | D:6      | Noticed Prince Ribbit
  6563 | D:6      | Killed Prince Ribbit
  6563 | D:6      | Reached skill level 11 in Stealth
  7131 | D:7      | Found a blossoming altar of Fedhas.
  7134 | D:7      | Found a hazy altar of Hepliaklqana.
  7137 | D:7      | Found a white marble altar of Elyvilon.
  7140 | D:7      | Found a glowing silver altar of Zin.
  7318 | D:7      | Reached XP level 9. HP: 57/57 MP: 16/16
  7405 | D:7      | Reached skill level 5 in Spellcasting
  7416 | D:7      | Found a burning altar of Makhleb.
  7725 | D:7      | Reached skill level 12 in Stealth
  8175 | D:8      | Found Leheitod's Food Emporium.
  8224 | D:8      | Reached skill level 13 in Stealth
  8313 | D:8      | Found a staircase to the Lair.
  8425 | D:8      | Found a bloodstained altar of Trog.
  8442 | D:8      | Noticed a two-headed ogre
  8444 | D:8      | Killed a two-headed ogre
  8444 | D:8      | Reached skill level 5 in Short Blades
  8444 | D:8      | Reached skill level 14 in Stealth
  8444 | D:8      | Reached XP level 10. HP: 63/63 MP: 19/19
  8455 | D:8      | Noticed a two-headed ogre
  9007 | D:8      | Noticed Joseph
  9015 | D:8      | Killed Joseph
  9027 | D:8      | Killed a two-headed ogre
  9027 | D:8      | Reached skill level 10 in Hexes
  9308 | D:9      | Noticed tmwrnj's ghost (novice HOFi)
  9321 | D:9      | Killed tmwrnj's ghost
  9345 | D:9      | Found a shattered altar of Ashenzari.
  9349 | D:9      | Became a worshipper of Ashenzari the Shackled
  9797 | D:9      | Learned a level 4 spell: Cause Fear
  9913 | D:9      | Noticed a cyclops
  9921 | D:9      | Killed a cyclops
  9921 | D:9      | Reached skill level 15 in Stealth
  9943 | D:9      | Found a shimmering altar of Xom.
 10316 | D:9      | Reached XP level 11. HP: 60/68 MP: 17/22
 10740 | Lair:1   | Entered Level 1 of the Lair of Beasts
 10760 | Lair:1   | Reached * piety under Ashenzari
 10781 | Lair:1   | Reached skill level 5 in Ice Magic
 11418 | Lair:1   | Noticed a seven-headed hydra
 11430 | Lair:1   | Killed a seven-headed hydra
 11783 | Lair:2   | Reached skill level 16 in Stealth
 11871 | Lair:2   | Found a staircase to the Snake Pit.
 12073 | Lair:2   | Noticed a seven-headed hydra
 12079 | Lair:2   | Killed a seven-headed hydra
 12079 | Lair:2   | Reached skill level 17 in Stealth
 12359 | Lair:2   | Noticed an oklob plant
 12359 | Lair:2   | Noticed an oklob plant
 12798 | Lair:3   | Reached ** piety under Ashenzari
 12833 | Lair:2   | Reached XP level 12. HP: 74/74 MP: 21/24
 13458 | Lair:3   | Reached skill level 18 in Stealth
 13668 | Lair:3   | Found a staircase to the Shoals.
 14557 | Lair:2   | Noticed a five-headed hydra
 14567 | Lair:2   | Killed a five-headed hydra
 14567 | Lair:2   | Reached skill level 1 in Shields
 14715 | Lair:3   | HP: 3/74 [manticore/volley of spikes (16)]
 14717 | Lair:3   | Gained mutation: You are agile. (Dex +2) [potion of mutation]
 14717 | Lair:3   | Gained mutation: You are resistant to hostile enchantments. (MR+) [potion of mutation]
 14717 | Lair:3   | Killed from afar by a manticore

Skill      XL: |  1  2  3  4  5  6  7  8  9 10 11 12 |
---------------+-------------------------------------+-----
Stealth        | 5 6 7 9 11 14 15 17 18 | 18.2
Short Blades   | 2 3 4 5 6 7 |  7.0
Hexes          | 5 6 7 8 9 11 12 13 | 13.0
Ice Magic      | 1 2 3 4 5 |  5.4
Spellcasting   | 3 4 6 7 8 9 |  9.0
Armour         | 1 2 3 |  3.2
Dodging        | 3 4 |  4.9
Shields        | 1 |  1.0
Fighting       | |  0.1

Action                   |  1- 3 |  4- 6 |  7- 9 | 10-12 || total
-------------------------+-------+-------+-------+-------++-------
Melee: Dagger            |   144 |   125 |   161 |   193 ||   623
       Bite              |    12 |     9 |     9 |    10 ||    40
 Cast: Corona            |    23 |     5 |       |       ||    28
       Ensorcelled Hiber |    26 |    48 |    66 |   117 ||   257
       Confuse           |     1 |    11 |    29 |    30 ||    71
       Tukima's Dance    |       |     1 |     2 |     7 ||    10
Invok: Curse Item        |       |       |       |     2 ||     2
 Abil: Bat Form          |       |       |       |     7 ||     7
       End Transformatio |       |       |       |     6 ||     6
  Use: Scroll            |     7 |     6 |     4 |    12 ||    29
       Potion            |     3 |     4 |       |    18 ||    25
 Stab: Sleeping          |    21 |    37 |    68 |    92 ||   218
       Confused          |     1 |     4 |    15 |    21 ||    41
Armor: Robe              |     1 |       |       |       ||     1
       Leather armour    |    60 |    36 |    41 |    89 ||   226
Dodge: Dodged            |   118 |    70 |    91 |   173 ||   452
Block: Buckler           |       |       |       |    16 ||    16
